AoeStats
← m00157301

Fortress

510543111Analyzed
1v1 RM · 21h ago on Oct 1, 2026· 33m 8s· 2 players
Game mode
Random Map
Map size
Small (3 player)
Population
200
Speed
Normal
Resources
Standard
Victory
Conquest
Starting age
Dark Age
Ending age
Imperial Age
RankedLock teamsTeams togetherTeam positionsShared explorationLock speedFull tech treeHidden civsTurbo modeCheats
Victory
Defeat
🇹🇼 Huns · Taiwan
876
+15
🇳🇱 Lithuanians · Netherlands
853
-15
Petah
8:41 Feudal Age
13:34 Castle Age
12:32 Double-Bit Axe
12:32 Horse Collar
12:50 Gold Mining
14:21 Wheelbarrow
18:56 Hand Cart
25:39 Imperial Age
22:40 Elite Skirmisher
24:14 Bow Saw
24:09 Heavy Plow
23:53 Pikeman
25:09 Stone Mining
25:26 Fletching
25:42 Padded Archer Armor
26:54 Bloodlines
26:05 Light Cavalry
28:26 Leather Archer Armor
28:06 Bodkin Arrow
28:13 Scale Mail Armor
28:43 Halberdier
m00157301
8:56 Feudal Age
10:22 Wheelbarrow
9:42 Double-Bit Axe
10:36 Horse Collar
14:12 Castle Age
12:37 Stone Mining
18:32 Gold Mining
20:22 Bow Saw
20:27 Heavy Plow
21:19 Man-at-Arms
23:22 Gold Shaft Mining
23:30 Scale Mail Armor
23:17 Long Swordsman
25:47 Forging
25:15 Pikeman
26:05 Squires
26:32 Hand Cart
Connection lost

Rejoining the realm…

Still unreachable

The connection could not be restored.

Session expired

The server has moved on; the page needs a fresh start.